12 | 0:00 | SCV | |
13 | 0:13 | SCV | |
14 | 0:17 | Supply Depot | |
14 | 0:25 | SCV | |
15 | 0:39 | SCV | |
15 | 0:41 | Barracks | |
16 | 0:45 | Refinery | |
16 | 0:51 | SCV | |
16 | 0:54 | Refinery | |
17 | 1:03 | SCV | |
18 | 1:15 | SCV | |
19 | 1:28 | Orbital Command, Reaper | |
19 | 1:32 | Supply Depot | |
20 | 1:44 | Factory | |
20 | 1:54 | SCV | |
21 | 2:00 | Reaper | |
22 | 2:06 | SCV | |
23 | 2:18 | SCV | |
24 | 2:23 | Command Center | |
24 | 2:29 | Hellion | |
26 | 2:30 | SCV | |
26 | 2:33 | Barracks Reactor | |
27 | 2:42 | SCV | |
28 | 2:45 | Supply Depot | |
28 | 2:51 | Hellion | |
30 | 2:54 | SCV | |
30 | 2:58 | Starport | |
31 | 3:06 | SCV | |
31 | 3:10 | Marine x2 | |
31 | 3:12 | Factory Tech Lab | |
34 | 3:19 | SCV | |
35 | 3:23 | Refinery | |
35 | 3:28 | Marine x2 | |
35 | 3:31 | SCV | |
37 | 3:34 | Cyclone | |
37 | 3:39 | Starport Tech Lab | |
40 | 3:42 | Orbital Command | |
40 | 3:43 | SCV | |
40 | 3:48 | Marine | |
41 | 3:50 | Marine | |
41 | 3:55 | SCV | |
43 | 3:58 | Raven | |
45 | 4:06 | Siege Tank | |
45 | 4:07 | SCV | |
45 | 4:08 | SCV | |
50 | 4:11 | Supply Depot | |
50 | 4:16 | Marine | |
51 | 4:18 | Marine | |
51 | 4:19 | SCV | |
51 | 4:20 | SCV | |
54 | 4:30 | Supply Depot | |
54 | 4:32 | Raven, SCV x2 | |
58 | 4:44 | SCV x2 | |
58 | 4:45 | Factory Reactor | |
60 | 4:46 | Stimpack | |
60 | 4:50 | Command Center | |
60 | 4:56 | SCV x2 | |
60 | 4:58 | Supply Depot | |
62 | 5:04 | Barracks | |
62 | 5:07 | Raven | |
64 | 5:08 | SCV x2 | |
64 | 5:12 | Barracks | |
66 | 5:20 | Supply Depot | |
66 | 5:21 | SCV x2 | |
68 | 5:22 | Marine | |
69 | 5:33 | Engineering Bay, SCV x2 | |
69 | 5:34 | Engineering Bay | |
69 | 5:35 | Refinery | |
71 | 5:45 | SCV x2 | |
73 | 5:51 | Marine x2, Siege Tank | |
73 | 5:52 | Starport Reactor | |
78 | 5:57 | SCV x2 | |
78 | 5:59 | Terran Infantry Weapons Level 1 | |
78 | 6:00 | Terran Infantry Armor Level 1 | |
80 | 6:05 | Marine | |
80 | 6:06 | Marine | |
80 | 6:09 | SCV x2, Marine | |
80 | 6:10 | Marine | |
86 | 6:14 | Missile Turret, Supply Depot | |
86 | 6:17 | Marine | |
87 | 6:21 | SCV x2 | |
87 | 6:23 | Marine | |
87 | 6:24 | Marine | |
87 | 6:25 | Combat Shield, Supply Depot | |
90 | 6:28 | Marine x2 | |
90 | 6:30 | Orbital Command | |
91 | 6:33 | SCV x2 | |
91 | 6:35 | Marine | |
91 | 6:38 | Siege Tank | |
97 | 6:41 | Marine | |
97 | 6:45 | SCV | |
94 | 6:49 | Marine | |
94 | 6:50 | SCV | |
94 | 6:51 | Marine | |
82 | 6:54 | Marine x2 | |
82 | 6:55 | Medivac x2 | |
82 | 6:57 | SCV | |
82 | 6:58 | Marine | |
90 | 7:07 | Marine, SCV | |
90 | 7:08 | Barracks | |
92 | 7:09 | Marine | |
92 | 7:10 | Barracks, SCV x2, Siege Tank | |
92 | 7:12 | Marine | |
92 | 7:15 | Armory | |
98 | 7:16 | Marine | |
98 | 7:17 | Marine | |
98 | 7:20 | SCV | |
99 | 7:25 | Marine | |
99 | 7:26 | Marine | |
99 | 7:29 | Marine | |
99 | 7:34 | Marine | |
99 | 7:35 | Marine | |
100 | 7:41 | Medivac x2 | |
100 | 7:42 | Marine | |
100 | 7:43 | Siege Tank | |
100 | 7:44 | SCV, Marine | |
109 | 7:46 | SCV x2 | |
109 | 7:47 | Marine | |
113 | 7:52 | Marine | |
113 | 7:53 | Marine | |
113 | 7:54 | Supply Depot | |
113 | 7:56 | SCV | |
113 | 7:57 | Barracks Reactor x2 | |
113 | 7:58 | SCV | |
117 | 8:04 | Terran Infantry Weapons Level 2 | |
117 | 8:12 | Marine x2, Supply Depot | |
117 | 8:13 | SCV x3 | |
117 | 8:14 | Marine, Command Center, Supply Depot | |
117 | 8:17 | Terran Infantry Armor Level 2 | |
117 | 8:19 | Marine | |
124 | 8:20 | Marine | |
124 | 8:23 | Supply Depot | |
125 | 8:30 | Marine | |
125 | 8:32 | SCV | |
125 | 8:34 | Marine x3, Terran Vehicle Weapons Level 1, Refinery x2 | |
127 | 8:35 | Marine | |
127 | 8:37 | Marine, SCV | |
127 | 8:40 | SCV | |
134 | 8:44 | Viking | |
134 | 8:46 | Viking | |
138 | 8:49 | SCV x2, Marine | |
138 | 8:52 | SCV | |
142 | 8:55 | Supply Depot | |
142 | 8:57 | Marine, Supply Depot | |
142 | 9:01 | SCV | |
147 | 9:02 | Siege Tank | |
147 | 9:04 | SCV | |
147 | 9:06 | SCV | |
149 | 9:10 | Marine | |
149 | 9:11 | Sensor Tower | |
149 | 9:13 | SCV | |
149 | 9:16 | SCV | |
151 | 9:17 | Supply Depot | |
151 | 9:19 | Supply Depot | |
151 | 9:24 | SCV | |
152 | 9:26 | SCV | |
153 | 9:31 | Planetary Fortress | |
153 | 9:34 | Viking x2, Refinery | |
153 | 9:35 | Refinery, Siege Tank | |
159 | 9:39 | SCV x2 | |
161 | 9:50 | Factory | |
161 | 9:57 | Command Center | |
161 | 10:00 | Armory | |
161 | 10:03 | Starport, Barracks Reactor | |
161 | 10:04 | SCV x2, Viking x2, Barracks Reactor | |
167 | 10:13 | Siege Tank | |
169 | 10:18 | Command Center | |
169 | 10:20 | Fusion Core | |
169 | 10:22 | Starport | |
169 | 10:26 | Terran Infantry Weapons Level 3 | |
169 | 10:32 | Command Center | |
169 | 10:33 | Terran Vehicle And Ship Armor Level 1 | |
169 | 10:45 | Terran Infantry Armor Level 3 | |
169 | 10:53 | Unknown | |
169 | 10:56 | Missile Turret | |
169 | 11:02 | Viking x6 | |
181 | 11:06 | Terran Ship Weapons Level 1 | |
181 | 11:11 | Planetary Fortress | |
181 | 11:19 | Sensor Tower | |
181 | 11:23 | Advanced Ballistics | |
181 | 11:26 | Command Center | |
181 | 11:32 | Viking | |
191 | 11:40 | Orbital Command | |
191 | 11:51 | Orbital Command | |
191 | 11:52 | Missile Turret x2 | |
192 | 12:04 | Liberator x3 | |
192 | 12:05 | Viking x3 | |
196 | 12:27 | Factory Tech Lab | |
195 | 12:30 | Orbital Command, Command Center | |
195 | 12:31 | Missile Turret | |
195 | 12:35 | Viking x2 | |
199 | 12:41 | Command Center | |
199 | 12:44 | Sensor Tower | |
199 | 12:46 | Terran Vehicle And Ship Armor Level 2 | |
198 | 12:52 | Missile Turret | |
196 | 12:59 | Rapid Reignition System | |
196 | 13:05 | Missile Turret | |
194 | 13:14 | Viking | |
196 | 13:21 | Terran Ship Weapons Level 2 | |
196 | 13:26 | Viking x5 | |
194 | 13:28 | Siege Tank | |
169 | 13:43 | Viking | |
169 | 13:44 | Marine x2 | |
169 | 13:45 | Marine x6 | |
175 | 13:53 | Siege Tank | |
173 | 13:56 | Viking x5 | |
169 | 14:09 | Marine x2, Starport | |
167 | 14:10 | Marine x6 | |
167 | 14:11 | Marine, Starport | |
167 | 14:13 | Viking | |
178 | 14:26 | Liberator x2, Viking | |
178 | 14:27 | Marine x6 | |
178 | 14:28 | Marine | |
178 | 14:29 | Marine x2 | |
183 | 14:44 | Viking x3 | |
183 | 14:45 | Marine x6, Siege Tank | |
145 | 14:46 | Marine x3 | |
145 | 14:50 | Siege Tank | |
150 | 14:56 | Viking | |
150 | 14:59 | Orbital Command | |
152 | 15:00 | SCV x4 | |
152 | 15:03 | Marine x6 | |
152 | 15:04 | Marine, Starport Tech Lab x2 | |
163 | 15:09 | Terran Vehicle And Ship Armor Level 3 | |
163 | 15:11 | Planetary Fortress | |
163 | 15:13 | SCV | |
164 | 15:19 | Viking x2 | |
168 | 15:23 | Viking | |
170 | 15:34 | Marine x5 | |
141 | 15:36 | Marine x4, Siege Tank | |
141 | 15:37 | Viking | |
135 | 15:45 | Viking x2 | |
135 | 15:47 | Raven | |
135 | 15:48 | Raven | |
140 | 15:52 | SCV x4, Marine x5 | |
140 | 15:54 | SCV | |
140 | 15:55 | SCV | |
151 | 16:00 | Neosteel Armor, Hi-Sec Auto Tracking | |
151 | 16:02 | Marine x4 | |
155 | 16:10 | Marine x2 | |
157 | 16:12 | Viking x2 | |
157 | 16:15 | Terran Ship Weapons Level 3 | |
161 | 16:22 | Raven x2 | |
166 | 16:31 | Command Center | |
165 | 16:39 | Orbital Command | |
165 | 16:41 | Missile Turret | |
165 | 16:42 | Missile Turret | |
165 | 16:43 | Command Center x2 | |
164 | 16:49 | Viking x6, Refinery | |
176 | 16:56 | Viking | |
178 | 17:02 | Raven | |
180 | 17:11 | Sensor Tower | |
180 | 17:14 | Siege Tank x2 | |
185 | 17:19 | Viking x2 | |
189 | 17:26 | Raven | |
189 | 17:27 | Viking x4 | |
196 | 17:32 | Command Center | |
196 | 17:34 | Marine x4, Command Center | |
199 | 17:49 | Viking x2 | |
189 | 17:52 | Marine x9, Siege Tank | |
189 | 17:55 | Viking | |
189 | 17:57 | Viking x4 | |
196 | 18:01 | Viking | |
194 | 18:10 | Marine x7 | |
200 | 18:19 | Viking | |
200 | 18:25 | Viking | |
194 | 18:27 | Viking x3 | |
199 | 18:44 | Starport x2 | |
199 | 18:45 | Viking | |
199 | 18:48 | Starport, Marine | |
195 | 19:30 | Siege Tank | |
195 | 19:31 | Marine | |
189 | 19:32 | Marine | |
189 | 19:37 | Marine | |
163 | 19:43 | Marine | |
163 | 19:44 | Marine x5 | |
127 | 19:49 | Marine | |
127 | 19:50 | Marine | |
127 | 19:52 | Viking x6 | |
117 | 19:55 | Marine | |
102 | 20:01 | Marine x6 | |
102 | 20:02 | Siege Tank | |
102 | 20:06 | Marine | |
107 | 20:07 | Marine, Refinery | |
107 | 20:08 | Refinery | |
107 | 20:13 | Marine, SCV | |
107 | 20:14 | SCV x4 | |
112 | 20:15 | Orbital Command | |
112 | 20:19 | Marine x6 | |
118 | 20:24 | Liberator x2, Marine | |
118 | 20:25 | Marine | |
118 | 20:26 | SCV | |
127 | 20:28 | SCV | |
127 | 20:30 | Marine | |
127 | 20:32 | Refinery | |
127 | 20:33 | Refinery, Planetary Fortress | |
127 | 20:34 | Siege Tank | |
127 | 20:35 | SCV x3 | |
135 | 20:36 | Unknown | |
135 | 20:37 | Marine x6 | |
135 | 20:38 | SCV | |
135 | 20:40 | SCV x2 | |
144 | 20:43 | Marine x2 | |
144 | 20:47 | SCV x2 | |
144 | 20:48 | Marine | |
149 | 20:55 | Marine x2 | |
150 | 20:59 | Marine x4 | |
150 | 21:01 | Marine x2 | |
151 | 21:06 | Marine | |
151 | 21:07 | Siege Tank | |
145 | 21:11 | Viking | |
145 | 21:12 | Marine | |
145 | 21:13 | Marine | |
145 | 21:15 | Viking | |
145 | 21:16 | Marine | |
145 | 21:17 | Marine x3 | |
145 | 21:18 | Planetary Fortress | |
151 | 21:19 | Marine x2 | |
151 | 21:24 | Marine | |
147 | 21:29 | Medivac | |
147 | 21:30 | Marine x2 | |
146 | 21:34 | Marine x4 | |
146 | 21:37 | Marine x2 | |
152 | 21:42 | Marine | |